Map: Blackpink LE

Players

keyo

  • Race: Zerg Zerg
  • League: Diamond
  • Spawn Location: 7:00

FLORENCIO - Winner!

  • Race: Protoss Protoss
  • League: Master
  • Spawn Location: 1:00

VOD

Have the link to the VOD?

Description

Time

  • Played on: March 14, 2018, 1:15 a.m.
  • Length: 11:35
Show
View Real Time Build Order
Export as new Build Order

keyo Zerg 

Build Orders: Pool First 

Get SALT Encoding   

  12  0:01  Drone  
  13  0:12  Overlord  
  13  0:17  Drone  
  14  0:30  Drone  
  14  0:31  Drone  
  16  0:44  Spawning Pool  
  16  0:45  Drone  
  16  0:48  Drone  
  17  0:51  Extractor  
  17  0:57  Drone  
  17  1:06  Drone  
  18  1:22  Overlord  
  18  1:30  Queen  
  18  1:31  Zergling x2  
  21  1:39  Zergling x2  
  22  1:53  Hatchery  
  21  1:54  Metabolic Boost  
  21  1:57  Zergling x2  
  22  2:02  Evolution Chamber  
  22  2:03  Zergling x2  
  22  2:14  Zergling x2  
  23  2:48  Drone, Overlord  
  23  2:49  Drone x3  
  27  2:51  Queen  
  29  3:02  Overlord  
  29  3:21  Drone, Hatchery  
  29  3:22  Drone x2  
  31  3:29  Queen  
  33  3:37  Drone x2  
  34  3:43  Drone x2  
  35  3:50  Zergling x6  
  38  4:03  Lair  
  38  4:08  Roach Warren  
  37  4:13  Spore Crawler  
  34  4:33  Queen, Spore Crawler  
  34  4:34  Queen  
  34  4:35  Spore Crawler  
  34  4:36  Drone  
  36  4:40  Extractor  
  36  4:41  Drone  
  36  4:58  Drone x3  
  36  4:59  Drone x2  
  41  5:04  Queen  
  41  5:06  Drone  
  44  5:17  Drone  
  44  5:18  Queen  
  47  5:26  Hydralisk Den  
  46  5:33  Queen  
  48  5:41  Drone  
  48  5:42  Drone x4  
  53  5:51  Queen  
  53  5:55  Drone x2  
  53  5:57  Overlord x2  
  57  6:06  Grooved Spines  
  57  6:17  Drone x4  
  61  6:21  Extractor, Overlord  
  61  6:22  Drone x5, Extractor  
  61  6:23  Drone  
  65  6:31  Overseer  
  65  6:37  Overlord  
  65  6:38  Drone x4  
  69  6:42  Queen  
  71  6:48  Overlord, Hydralisk  
  71  6:49  Hydralisk  
  75  7:08  Hydralisk x6  
  87  7:16  Overlord  
  87  7:17  Hydralisk  
  87  7:18  Hydralisk  
  91  7:27  Nydus Network  
  90  7:35  Overlord  
  90  7:36  Hydralisk x3  
  96  7:51  Overlord, Hydralisk x3  
  96  7:52  Zergling x6  
  96  7:53  Overlord  
  96  7:55  Hydralisk  
  107  8:12  Nydus Canal  
  107  8:26  Hydralisk x3  
  107  8:27  Hydralisk  
  106  8:33  Drone x5  
  106  8:34  Drone x2  
  94  8:57  Hydralisk  
  94  8:58  Hydralisk x3  
  99  9:28  Hydralisk x3  
  99  9:30  Zergling x8  
  107  9:40  Overlord  
  107  9:44  Zergling x2  
  108  9:46  Drone  
  99  10:01  Hydralisk  
  99  10:02  Hydralisk x2  
  93  10:21  Hydralisk x2  
  81  10:29  Overseer  
Show
View Real Time Build Order
Export as new Build Order

FLORENCIO Protoss - Winner!

Build Orders:  

Get SALT Encoding   

  12  0:00  Probe  
  13  0:12  Probe  
  14  0:25  Probe  
  15  0:37  Pylon  
  15  0:55  Probe (Chrono Boost)  
  16  1:05  Forge  
  16  1:07  Gateway, Probe (Chrono Boost)  
  17  1:15  Probe (Chrono Boost)  
  18  1:18  Pylon  
  18  1:27  Assimilator  
  18  1:32  Probe  
  19  1:37  Assimilator  
  19  1:39  Assimilator  
  19  1:41  Photon Cannon  
  19  2:02  Pylon  
  19  2:15  Pylon  
  19  2:21  Probe (Chrono Boost)  
  20  2:27  Nexus  
  21  2:31  Probe (Chrono Boost)  
  21  2:38  Probe (Chrono Boost)  
  21  2:41  Cybernetics Core  
  22  2:45  Probe  
  23  2:54  Pylon  
  23  3:04  Photon Cannon  
  23  3:23  Photon Cannon  
  23  3:26  Stargate  
  23  3:35  Stargate  
  23  3:39  Probe  
  24  3:55  Probe (Chrono Boost)  
  25  4:04  Assimilator  
  25  4:07  Probe (Chrono Boost)  
  25  4:08  Assimilator  
  27  4:11  Zealot  
  27  4:14  Probe (Chrono Boost)  
  29  4:19  Fleet Beacon  
  29  4:20  Probe (Chrono Boost)  
  30  4:32  Probe, Assimilator  
  30  4:37  Probe  
  32  4:44  Probe  
  33  4:56  Probe  
  40  5:02  Carrier (Chrono Boost)  
  40  5:17  Carrier (Chrono Boost)  
  46  5:23  Probe  
  46  5:26  Probe  
  48  5:35  Probe  
  48  5:38  Probe  
  50  5:48  Probe  
  51  5:51  Graviton Catapult  
  51  5:59  Pylon  
  51  6:00  Pylon  
  51  6:05  Probe  
  52  6:17  Carrier (Chrono Boost), Probe (Chrono Boost)  
  53  6:20  Pylon  
  53  6:23  Photon Cannon  
  59  6:28  Probe (Chrono Boost)  
  59  6:30  Probe (Chrono Boost)  
  61  6:38  Probe (Chrono Boost)  
  62  6:42  Carrier (Chrono Boost)  
  68  7:04  Pylon  
  68  7:05  Probe  
  69  7:17  Probe  
  69  7:18  Pylon  
  70  7:32  Mothership  
  84  7:42  Carrier (Chrono Boost)  
  84  7:54  Carrier  
  90  8:06  Pylon  
  90  8:09  Pylon  
  90  8:11  Pylon  
  90  8:12  Pylon  
  88  9:01  Carrier  
  89  9:17  Pylon  
  86  9:39  Nexus  
  86  9:42  Pylon  
  86  9:46  Pylon  
  86  10:06  Carrier  
  92  10:08  Pylon  
  92  10:10  Pylon  
  98  10:53  Photon Cannon  
  98  10:55  Photon Cannon  
Tags
 
Add a new tag
Caveats
  • Supply blocks, unpowered buildings, or Contaminate may cause inaccurate times.
  • Supply counts are checked every 10 seconds.